[Event "Titled Tuesday Blitz March 21 Early 2023"]
[White "Tsydypov, Zhamsaran"]
[Black "Srinath, Rao S.V."]
[WhiteFideId "4108566"]
[BlackFideId "5028876"]
[WhiteElo "2584"]
[BlackElo "2196"]
[Result "1-0"]
[Round "03"]
[TimeControl "180+2"]
[Date "2023.03.21"]
[WhiteClock "0:00:54"]
[BlackClock "0:00:47"]

1. d4 Nf6 2. c4 g6 3. Nf3 Bg7 4. g3 O-O 5. Bg2 d6 6. O-O Nc6 7. Nc3 e5 8. d5 Nb8 9. e4 a5 10. Ne1 Na6 11. Nd3 Nb4 12. Rb1 Nd7 13. Be3 b6 14. Ne1 f5 15. a3 Na6 16. b4 axb4 17. axb4 f4 18. Bd2 g5 19. Nd3 Nf6 20. Qb3 Kh8 21. f3 fxg3 22. hxg3 Nh5 23. Be1 g4 24. fxg4 Bxg4 25. Rxf8+ Bxf8 26. Nf2 Qg5 27. Nxg4 Qxg4 28. Nd1 Bh6 29. Qf3 Qg5 30. Qf5 Rf8 31. Qxg5 Bxg5 32. Ra1 Nb8 33. Ra7 Bd8 34. Ne3 Ng7 35. Bh3 c6 36. Rb7 Bg5 37. Bf2 Na6 38. Rxb6 1-0


[Site "https://www.chess.com"]

[Event "Titled Tuesday Blitz March 21 Early 2023"]
[White "Arias, Juan Cruz"]
[Black "Van Foreest, Jorden"]
[WhiteFideId "118540"]
[BlackFideId "1039784"]
[WhiteElo "2243"]
[BlackElo "2633"]
[Result "0-1"]
[Round "03"]
[TimeControl "180+2"]
[Date "2023.03.21"]
[WhiteClock "0:00:17"]
[BlackClock "0:01:52"]

1. d4 Nf6 2. Nf3 d5 3. e3 c5 4. c3 e6 5. Bd3 b6 6. Ne5 Qc7 7. Nd2 Bd6 8. f4 O-O 9. O-O Ba6 10. Bxa6 Nxa6 11. a4 Nb8 12. a5 Nc6 13. a6 Ne7 14. Qa4 Nf5 15. Ndf3 Ne4 16. Nd3 Rab8 17. Qb5 Be7 18. Nfe5 Rbc8 19. Nf2 Nfd6 20. Qe2 Nxf2 21. Qxf2 f6 22. Nd3 c4 23. Ne1 b5 24. Nf3 Rb8 25. Nh4 f5 26. Nf3 Rb6 27. h3 b4 28. g4 Ne4 29. Qg2 bxc3 30. bxc3 Nxc3 31. gxf5 exf5 32. Ne5 Bd6 33. Kh1 Bxe5 34. dxe5 Rg6 35. Qf3 Ne4 36. e6 Ng3+ 37. Kh2 Nxf1+ 38. Qxf1 Rxe6 39. Bb2 Rxe3 40. Be5 Rxe5 41. fxe5 Qxe5+ 0-1


[Site "https://www.chess.com"]

[Event "Titled Tuesday Blitz March 21 Early 2023"]
[White "Makhnev, Denis"]
[Black "Ismagilov, Damir"]
[WhiteFideId "13707647"]
[BlackFideId "34199982"]
[WhiteElo "2525"]
[BlackElo "2078"]
[Result "1-0"]
[Round "03"]
[TimeControl "180+2"]
[Date "2023.03.21"]
[WhiteClock "0:00:19"]
[BlackClock "0:00:06"]

1. d4 Nf6 2. c4 e6 3. Nf3 b6 4. g3 c6 5. Bg2 d5 6. Qc2 Be7 7. O-O O-O 8. Nbd2 c5 9. cxd5 exd5 10. Ne5 Bb7 11. Rd1 Nbd7 12. Nxd7 Qxd7 13. dxc5 Rac8 14. Nb3 bxc5 15. Bf4 d4 16. Bxb7 Qxb7 17. Rac1 Nd5 18. Bd2 Qa6 19. Qc4 Qxc4 20. Rxc4 Nb6 21. Rc2 Rfd8 22. Ba5 c4 23. Nxd4 Bf6 24. Rcd2 Rd5 25. Bxb6 axb6 26. Nf3 Rb5 27. Nd4 Rd5 28. e3 g6 29. Ne2 Rb5 30. Nd4 Ra5 31. a3 c3 32. Rc2 Rac5 33. b4 Rc4 34. Nb5 Kg7 35. Kf1 R4c6 36. Ke2 Re8 37. Rd5 Re4 38. Kd3 Rec4 39. Rd6 Rxd6+ 40. Nxd6 Rc7 41. Nb5 Rd7+ 42. Kc4 Rd1 43. Nxc3 Ra1 44. Nb5 Rh1 45. h4 Ra1 46. Kd5 g5 47. hxg5 Bxg5 48. Kc6 Bf6 49. Kxb6 h5 50. Kb7 h4 51. gxh4 Bxh4 52. Kc6 Rf1 53. f4 Bf2 54. Nd4 Kg6 55. Re2 Bg1 56. Kd5 Kf6 57. Ke4 Ra1 58. Nb5 Rb1 59. Rc2 Rf1 60. Rc6+ Kg7 61. Rc3 Re1 62. Nd4 Ra1 63. Rb3 Bf2 64. b5 Be1 65. b6 Ba5 66. b7 Bc7 67. Kd5 Bb8 68. Nc6 Rd1+ 69. Ke4 Bc7 70. b8=Q Bxb8 71. Nxb8 Kf6 72. Nc6 Ke6 73. Nd4+ Kd6 74. a4 Ra1 75. Rb6+ Kc5 76. Ra6 f5+ 77. Nxf5 Rd1 78. Nd4 Kc4 79. f5 Rf1 80. f6 Kc5 81. Ke5 Kc4 82. Ke6 Kc5 83. f7 Rf2 84. Ke7 Kd5 85. Ne6 Ke5 86. f8=Q Rxf8 87. Nxf8 Kd5 88. Re6 Kc5 89. a5 Kb4 90. a6 Kc4 91. Kd7 Kd3 92. Kc7 1-0


[Site "https://www.chess.com"]

[Event "Titled Tuesday Blitz March 21 Early 2023"]
[White "Yilmaz, Mustafa"]
[Black "djokovic74"]
[WhiteFideId "6302718"]
[WhiteElo "2523"]
[BlackElo "2562"]
[Result "1/2-1/2"]
[Round "03"]
[TimeControl "180+2"]
[Date "2023.03.21"]
[WhiteClock "0:00:12"]
[BlackClock "0:00:11"]

1. c4 e6 2. Nc3 Nf6 3. d4 Bb4 4. Qc2 b6 5. e4 c5 6. d5 Qe7 7. Ne2 exd5 8. exd5 d6 9. Bd2 O-O 10. O-O-O Nbd7 11. f3 Re8 12. Ng3 Qd8 13. a3 Ba5 14. h3 a6 15. f4 Rb8 16. Nf5 Nf8 17. Bd3 b5 18. g4 bxc4 19. Bxc4 Qb6 20. b3 Bxf5 21. Qxf5 Bxc3 22. Bxc3 Ne4 23. Bxg7 Kxg7 24. Rhe1 Qa5 25. Re3 Qxa3+ 26. Kc2 Qa2+ 27. Kc1 Qa1+ 28. Kc2 Qa2+ 29. Kc1 Nf2 30. Rde1 Qa1+ 31. Qb1 Qxb1+ 32. Kxb1 Rxe3 33. Rxe3 Ng6 34. f5 Ne5 35. Bxa6 Rb4 36. Kc2 Ne4 37. Be2 Nf6 38. g5 Nxd5 39. f6+ Kg6 40. Rg3 Nf4 41. Bd1 Rd4 42. h4 h6 43. gxh6+ Kxh6 44. Rg8 Nfg6 45. Re8 Rxh4 46. Re7 Kg5 47. Rc7 Kxf6 48. b4 Rxb4 49. Be2 Rd4 50. Bb5 Nf4 51. Be8 Ne6 52. Ra7 Rc4+ 53. Kd2 Rd4+ 54. Ke3 Nf4 55. Kf2 c4 56. Ke3 Rd3+ 57. Kxf4 c3 58. Rc7 Rf3+ 59. Ke4 Rd3 60. Bxf7 Rd1 61. Bb3 Re1+ 62. Kd4 Nf3+ 63. Kd3 Ne5+ 64. Kd4 Rc1 65. Rc8 Kg5 66. Ke4 Re1+ 67. Kd4 Rc1 68. Ke4 Rb1 69. Rg8+ Kf6 70. Bc2 Rb2 71. Rg2 Nc4 72. Kd3 Na3 73. Rf2+ Ke7 74. Kxc3 Rxc2+ 75. Rxc2 Nxc2 76. Kxc2 Ke6 77. Kc3 Ke5 78. Kd3 Kd5 79. Kc3 Ke4 80. Kd2 d5 81. Ke2 Kd4 82. Kd2 Kc4 83. Kc2 Kc5 84. Kc3 d4+ 85. Kd3 Kd5 86. Kd2 Kc4 87. Kc2 d3+ 88. Kd2 Kd4 89. Kd1 Kc3 90. Kc1 d2+ 91. Kd1 Kd3 1/2-1/2


[Site "https://www.chess.com"]

[Event "Titled Tuesday Blitz March 21 Early 2023"]
[White "Ibarra Jerez, Jose Carlos"]
[Black "Popov, Mikhail"]
[WhiteFideId "2226332"]
[BlackFideId "4146182"]
[WhiteElo "2638"]
[BlackElo "2270"]
[Result "0-1"]
[Round "03"]
[TimeControl "180+2"]
[Date "2023.03.21"]
[WhiteClock "0:00:01"]
[BlackClock "0:00:14"]

1. e4 e6 2. d4 d5 3. Nc3 Nf6 4. Bg5 dxe4 5. Nxe4 Be7 6. Bxf6 Bxf6 7. Nf3 O-O 8. Qd2 b6 9. O-O-O Bb7 10. Bd3 Nd7 11. c3 Be7 12. Neg5 h6 13. h4 c5 14. Qc2 cxd4 15. Bh7+ Kh8 16. Rxd4 Qc7 17. Bg8 Nf6 18. Bxf7 e5 19. Rc4 Bc5 20. Qg6 e4 21. Nd4 Qf4+ 22. Kb1 Bxd4 23. Rxd4 Qxf2 24. Bb3 e3 25. Bc2 e2 26. a3 e1=Q+ 27. Rxe1 Qxe1+ 28. Rd1 Qe8 29. Qf5 Rd8 0-1


[Site "https://www.chess.com"]

[Event "Titled Tuesday Blitz March 21 Early 2023"]
[White "Nefedov, Sergey"]
[Black "Babazada, Khazar"]
[WhiteFideId "24113417"]
[BlackFideId "13413554"]
[WhiteElo "2227"]
[BlackElo "2364"]
[Result "0-1"]
[Round "03"]
[TimeControl "180+2"]
[Date "2023.03.21"]
[WhiteClock "0:00:02"]
[BlackClock "0:01:34"]

1. d4 Nf6 2. Nf3 g6 3. c4 Bg7 4. Nc3 d6 5. Bg5 h6 6. Bf4 O-O 7. Qd2 Kh7 8. h4 Bg4 9. e4 Bxf3 10. gxf3 Nc6 11. d5 e5 12. Be3 Nd4 13. Be2 Nh5 14. O-O-O c5 15. f4 exf4 16. Bxh5 fxe3 17. fxe3 gxh5 18. exd4 cxd4 19. Ne2 Rc8 20. Qd3 b5 21. Kb1 bxc4 22. Qf3 d3 23. Nf4 Qf6 24. Rh2 Rb8 25. Rdd2 c3 26. Rxd3 c2+ 27. Rxc2 Rxb2+ 28. Kc1 Rxc2+ 29. Kxc2 Rc8+ 30. Kd1 Qa1+ 31. Ke2 Rc2+ 32. Rd2 Rxd2+ 33. Kxd2 Qxa2+ 34. Kd1 Qb1+ 35. Ke2 Qb2+ 36. Kf1 Qc1+ 37. Kg2 Qb2+ 38. Kh3 Qf6 39. Kg3 a5 40. Qd3 Qe5 41. Kf3 a4 42. Qa3 Qd4 43. Nd3 f5 44. exf5 Qxd5+ 45. Ke3 Bd4+ 46. Kd2 Qg2+ 47. Kd1 Qf1+ 48. Kd2 Qg2+ 49. Kd1 Qc6 50. Kd2 Bf6 51. Qa2 d5 52. Qb1 a3 53. Qb3 Qd6 54. Nb4 Qf4+ 55. Kc2 Qxf5+ 56. Kc1 Qf1+ 57. Kc2 Qc4+ 58. Qxc4 dxc4 59. Nd5 Bxh4 0-1


[Site "https://www.chess.com"]

[Event "Titled Tuesday Blitz March 21 Early 2023"]
[White "Kavutskiy, Konstantin"]
[Black "Durarbayli, Vasif"]
[WhiteFideId "2026384"]
[BlackFideId "13402935"]
[WhiteElo "2369"]
[BlackElo "2543"]
[Result "0-1"]
[Round "03"]
[TimeControl "180+2"]
[Date "2023.03.21"]
[WhiteClock "0:00:02"]
[BlackClock "0:00:02"]

1. d4 Nf6 2. Bg5 d5 3. Nd2 Nbd7 4. e3 h6 5. Bh4 e6 6. Bd3 c5 7. c3 Bd6 8. Ngf3 b6 9. Qe2 Bb7 10. e4 dxe4 11. Nxe4 Be7 12. dxc5 Nxe4 13. Bxe7 Qxe7 14. Bxe4 Nxc5 15. Qb5+ Kf8 16. Bxb7 Qxb7 17. O-O g5 18. Rad1 Kg7 19. Qe2 Qe4 20. Qxe4 Nxe4 21. Rd7 Nc5 22. Rc7 Rhc8 23. Rxc8 Rxc8 24. Rd1 Na4 25. Rd2 b5 26. Kf1 Kf6 27. Nd4 a6 28. Ke2 Nb6 29. Kd3 Nc4 30. Re2 e5 31. Nb3 a5 32. Kc2 Kf5 33. Nd2 Nd6 34. f3 b4 35. Kb3 bxc3 36. bxc3 Nb5 37. Ne4 Ke6 38. Rd2 f5 39. a4 fxe4 40. axb5 exf3 41. gxf3 h5 42. c4 g4 43. fxg4 hxg4 44. Rc2 Kd6 45. Ka4 Kc5 46. Rg2 Kxc4 47. Rxg4+ Kc5 48. Rg1 Kb6 49. Re1 Rc4+ 50. Kb3 Rb4+ 51. Ka3 e4 52. h4 Kxb5 53. Rh1 Kc4 54. h5 Rb7 55. h6 Rh7 56. Kb2 Kd3 57. Kc1 Ke2 58. Kc2 e3 59. Kc3 a4 60. Kb4 Kd2 61. Kxa4 e2 0-1


[Site "https://www.chess.com"]

[Event "Titled Tuesday Blitz March 21 Early 2023"]
[White "The_Sherman_Variation"]
[Black "Raja Rithvik R"]
[BlackFideId "35007394"]
[WhiteElo "2548"]
[BlackElo "2402"]
[Result "0-1"]
[Round "03"]
[TimeControl "180+2"]
[Date "2023.03.21"]
[WhiteClock "0:00:19"]
[BlackClock "0:00:07"]

1. d4 Nf6 2. Bf4 c5 3. dxc5 Na6 4. Nf3 Nxc5 5. e3 g6 6. c3 Bg7 7. Be2 O-O 8. O-O d6 9. Nbd2 Bd7 10. Bg3 b5 11. a3 a5 12. Nd4 Qb6 13. N2b3 Nce4 14. Bf3 Nxg3 15. hxg3 Rac8 16. Qd2 e5 17. Nc2 Be6 18. Nc1 d5 19. Rd1 Rfd8 20. b4 a4 21. Be2 Ne4 22. Qe1 Nxc3 23. Rd2 Bf5 24. Bd3 Bxd3 25. Nxd3 Ne4 26. Re2 Qc6 27. f3 Nc3 28. Rd2 e4 29. Nc5 Qc7 30. f4 Bf8 31. Nd4 Bxc5 32. bxc5 Qxc5 33. Rc2 Rc7 34. Kh2 Rdc8 35. Ne2 Qxe3 36. Rac1 d4 37. Nxc3 Qxe1 38. Rxe1 Rxc3 39. Rb2 e3 40. Rxb5 R8c4 41. Rd5 Rxa3 42. Rb1 Rb3 43. Ra1 d3 44. f5 gxf5 45. Rxf5 e2 46. Kg1 d2 47. Kh2 e1=Q 48. Ra2 Qxg3+ 0-1


[Site "https://www.chess.com"]

[Event "Titled Tuesday Blitz March 21 Early 2023"]
[White "Garv Gaur"]
[Black "Chigaev, Maksim"]
[WhiteFideId "45030839"]
[BlackFideId "4108116"]
[WhiteElo "2068"]
[BlackElo "2547"]
[Result "0-1"]
[Round "03"]
[TimeControl "180+2"]
[Date "2023.03.21"]
[WhiteClock "0:00:04"]
[BlackClock "0:00:12"]

1. Nf3 d5 2. g3 g6 3. Bg2 Bg7 4. O-O Nf6 5. d4 O-O 6. c4 c5 7. cxd5 cxd4 8. d6 Qxd6 9. Qxd4 Nc6 10. Qxd6 exd6 11. Nc3 Re8 12. Rd1 Bf5 13. Rxd6 Ne4 14. Nxe4 Bxe4 15. Rd7 Rad8 16. Rxd8 Rxd8 17. Nd2 Bxg2 18. Kxg2 Bxb2 19. Bxb2 Rxd2 20. Rb1 Rxe2 21. Bf6 Re6 22. Bc3 b6 23. Rd1 f5 24. Rd7 Re7 25. Rd6 Rc7 26. h4 Ne7 27. Be5 Rc5 28. Rd8+ Kf7 29. Bd6 Ra5 30. Rd7 Ke6 31. Rxe7+ Kxd6 32. Rxh7 Ke6 33. Rc7 Rxa2 34. Rc6+ Kf7 35. Kf3 Ra4 36. Ke3 b5 37. f3 a5 38. Rb6 Rb4 39. g4 fxg4 40. fxg4 a4 41. h5 gxh5 42. gxh5 a3 43. Ra6 Ra4 44. Rg6 a2 45. Rg1 a1=Q 46. Rxa1 Rxa1 0-1


[Site "https://www.chess.com"]

[Event "Titled Tuesday Blitz March 21 Early 2023"]
[White "Yeletsky, Ivan"]
[Black "Gubajdullin, Alexei"]
[WhiteFideId "24180327"]
[BlackFideId "4141202"]
[WhiteElo "2414"]
[BlackElo "2267"]
[Result "1-0"]
[Round "03"]
[TimeControl "180+2"]
[Date "2023.03.21"]
[WhiteClock "0:02:30"]
[BlackClock "0:01:53"]

1. e4 e5 2. Nf3 Nf6 3. d4 Nxe4 4. Bd3 d5 5. Nxe5 Nd7 6. Nc3 Nxc3 7. bxc3 Nxe5 8. dxe5 Be7 9. Qh5 Be6 10. Rb1 Qd7 11. h3 O-O-O 12. Bb5 c6 13. Ba6 bxa6 14. Qe2 Qc7 15. Qxa6+ Kd7 16. Rb7 Bc5 17. Ba3 Rb8 18. Rxc7+ Kxc7 19. Bxc5 1-0


[Site "https://www.chess.com"]

[Event "Titled Tuesday Blitz March 21 Early 2023"]
[White "Andreev, Konstantin"]
[Black "Gharibyan, Mamikon"]
[WhiteFideId "24239305"]
[BlackFideId "13308300"]
[WhiteElo "2106"]
[BlackElo "2445"]
[Result "0-1"]
[Round "03"]
[TimeControl "180+2"]
[Date "2023.03.21"]
[WhiteClock "0:00:04"]
[BlackClock "0:00:47"]

1. e4 g6 2. d4 d6 3. Nc3 a6 4. h4 h5 5. Be3 b5 6. Qd2 Bb7 7. f3 Bg7 8. O-O-O Nd7 9. Nh3 b4 10. Ne2 a5 11. Ng5 e5 12. Kb1 Ngf6 13. dxe5 Nxe5 14. Nd4 Rb8 15. Rg1 O-O 16. Be2 a4 17. Qxb4 c5 18. Qxa4 cxd4 19. Bxd4 Qc7 20. g4 Bc6 21. Qa3 Ra8 22. Qc3 Rfc8 23. gxh5 Nxh5 24. Qe3 Ba4 25. Bc3 Qb7 26. b3 Qc6 27. Kb2 Nf4 28. Rd2 Bb5 29. Bxb5 Qxb5 30. Qxf4 Rxc3 31. Kb1 Rc7 32. Rd5 Qb6 33. Rgd1 Rxc2 34. Kxc2 Rxa2+ 35. Kc3 Nd3+ 0-1


[Site "https://www.chess.com"]

[Event "Titled Tuesday Blitz March 21 Early 2023"]
[White "Kozin, Yuri"]
[Black "Perez Ponsa, Federico"]
[WhiteFideId "4129920"]
[BlackFideId "117927"]
[WhiteElo "2541"]
[BlackElo "2592"]
[Result "0-1"]
[Round "03"]
[TimeControl "180+2"]
[Date "2023.03.21"]
[WhiteClock "0:00:08"]
[BlackClock "0:00:08"]

1. e4 e5 2. Nf3 Nc6 3. Bb5 a6 4. Ba4 Nf6 5. O-O b5 6. Bb3 Bc5 7. d3 O-O 8. Be3 d6 9. h3 h6 10. Nc3 Re8 11. a4 Rb8 12. axb5 axb5 13. Nd5 Nxd5 14. Bxd5 Ne7 15. Bb3 Ng6 16. Re1 Qf6 17. Kh2 Nf4 18. Bxc5 dxc5 19. Ng1 Be6 20. Ba2 c4 21. Qf3 Red8 22. Re3 Ra8 23. dxc4 bxc4 24. Ra3 Rxa3 25. bxa3 Rd2 26. Rc1 c3 27. Bxe6 Nxe6 28. Qxc3 Rxf2 29. Qg3 Ng5 30. Re1 Rxc2 31. h4 Ne6 32. Nf3 Nf4 33. Rg1 Ne2 34. Qf2 Nd4 35. Qxc2 Nxc2 36. a4 Qf4+ 37. Kh1 Qxe4 38. a5 Qa4 39. Rc1 e4 40. Ne5 e3 41. a6 e2 42. Nf3 Qxa6 43. Rxc2 Qa1+ 44. Kh2 e1=Q 45. Nxe1 Qxe1 46. Rc4 Qe5+ 47. g3 c5 48. Rf4 Qd5 49. Kh3 c4 50. Kg4 c3 51. Rf2 c2 52. Rxc2 Qe4+ 53. Kh3 Qxc2 0-1


[Site "https://www.chess.com"]

[Event "Titled Tuesday Blitz March 21 Early 2023"]
[White "Quinones Garcia, Santiago"]
[Black "Kobo, Ori"]
[WhiteFideId "4408497"]
[BlackFideId "2812320"]
[WhiteElo "2263"]
[BlackElo "2447"]
[Result "0-1"]
[Round "03"]
[TimeControl "180+2"]
[Date "2023.03.21"]
[WhiteClock "0:02:05"]
[BlackClock "0:01:49"]

1. d4 Nf6 2. c4 g6 3. Nc3 Bg7 4. e4 d6 5. Nf3 Bg4 6. Be2 Bxf3 7. Bxf3 e5 8. Be3 O-O 9. O-O Nc6 10. Ne2 exd4 11. Nxd4 Ne5 12. Be2 Nxe4 13. f4 Nd7 14. Bf3 Re8 15. Qc2 Ng3 16. hxg3 Rxe3 17. Qd2 Qe8 18. Bxb7 Rb8 19. Bf3 Nc5 20. Rad1 Rd3 21. Qxd3 Nxd3 22. Rxd3 Bxd4+ 0-1


[Site "https://www.chess.com"]

[Event "Titled Tuesday Blitz March 21 Early 2023"]
[White "Urazayev, Arystanbek"]
[Black "TimGrutter03"]
[WhiteFideId "13709810"]
[WhiteElo "2479"]
[BlackElo "2534"]
[Result "1-0"]
[Round "03"]
[TimeControl "180+2"]
[Date "2023.03.21"]
[WhiteClock "0:00:45"]
[BlackClock "0:00:01"]

1. d4 Nf6 2. c4 g6 3. Nc3 Bg7 4. e4 d6 5. Be2 O-O 6. Nf3 e5 7. O-O exd4 8. Nxd4 Re8 9. Qc2 Nxe4 10. Nxe4 Bxd4 11. Bg5 f6 12. Bh6 f5 13. Bg5 Qd7 14. Nf6+ Bxf6 15. Bxf6 Qe6 16. Qc3 Nc6 17. Bf3 Qf7 18. Rfe1 Be6 19. b3 h5 20. h4 Kh7 21. Re2 Bd7 22. Bd5 Qf8 23. Rae1 Rxe2 24. Rxe2 Re8 25. Rxe8 Qxe8 26. Kh2 Be6 27. Bxc6 Qxc6 28. f3 Qe8 29. Qe3 b6 30. Bb2 Bd7 31. Qg5 Qf8 32. Qd2 Qe7 33. Kg3 c6 34. f4 Kg8 35. Qc3 Qh7 36. Qf6 d5 37. Qd8+ 1-0


[Site "https://www.chess.com"]

[Event "Titled Tuesday Blitz March 21 Early 2023"]
[White "Karas, Marek"]
[Black "Mekhitarian, Krikor Sevag"]
[WhiteFideId "14928558"]
[BlackFideId "2107660"]
[WhiteElo "2233"]
[BlackElo "2604"]
[Result "0-1"]
[Round "03"]
[TimeControl "180+2"]
[Date "2023.03.21"]
[WhiteClock "0:00:08"]
[BlackClock "0:00:30"]

1. d4 Nf6 2. Nf3 g6 3. Nc3 Bg7 4. e4 O-O 5. Bd3 d6 6. h3 a6 7. a4 Nc6 8. Be3 e5 9. d5 Nb4 10. Na2 Nxd3+ 11. Qxd3 c6 12. c4 Qa5+ 13. Nc3 cxd5 14. cxd5 Bd7 15. O-O Rfc8 16. Bd2 Qd8 17. Rfc1 Nh5 18. Ne2 Rxc1+ 19. Bxc1 f5 20. Bg5 Qb6 21. a5 Qxb2 22. Rb1 Bb5 23. Rxb2 Bxd3 24. exf5 e4 25. Nfd4 Bxe2 26. Rxe2 Bxd4 27. Rxe4 Bf6 28. Bxf6 Nxf6 29. Re6 Nxd5 30. fxg6 Rd8 31. gxh7+ Kxh7 32. f4 Nxf4 33. Re7+ Kg6 34. Rxb7 d5 35. g3 Nxh3+ 36. Kg2 Ng5 37. Rb6+ Kf5 38. Rxa6 d4 39. Rb6 d3 40. Rb1 Ke4 41. Kf2 Kd4 42. a6 Ra8 43. Ra1 Ne4+ 44. Kf3 Nc3 45. g4 d2 46. Kf4 d1=Q 47. Rxd1+ Nxd1 48. g5 Rxa6 49. Kf5 Ne3+ 0-1


[Site "https://www.chess.com"]

[Event "Titled Tuesday Blitz March 21 Early 2023"]
[White "Fier, Alexandr"]
[Black "Ljukin, Sergei"]
[WhiteFideId "2107139"]
[BlackFideId "14102200"]
[WhiteElo "2610"]
[BlackElo "2312"]
[Result "0-1"]
[Round "03"]
[TimeControl "180+2"]
[Date "2023.03.21"]
[WhiteClock "0:01:29"]
[BlackClock "0:00:12"]

1. c4 c6 2. Nf3 d5 3. g3 Nf6 4. Bg2 Nbd7 5. O-O e5 6. d4 e4 7. Ne5 Bd6 8. Bf4 Qe7 9. Nxd7 Bxd7 10. Bxd6 Qxd6 11. Nc3 O-O 12. Qb3 Rab8 13. Rad1 b5 14. cxd5 cxd5 15. a3 a5 16. f3 b4 17. axb4 axb4 18. Nb1 Bb5 19. Rfe1 Rfe8 20. Nd2 e3 21. Nf1 Qe7 22. g4 h5 23. g5 Nh7 24. h4 Bc4 25. Qc2 f6 26. g6 Nf8 27. Ng3 f5 28. Qxf5 Qxh4 29. Nxh5 Qf2+ 30. Kh1 Qh4+ 31. Bh3 Nxg6 32. Rg1 Rb6 33. Rg3 Rf8 34. Qd7 Qxh5 35. Rdg1 Bxe2 36. Kh2 Bxf3 37. Rg5 Qh4 38. R1g3 e2 39. Rxf3 Rxf3 40. Qxd5+ Rf7 41. Qd8+ Kh7 42. Qxb6 Rf2+ 43. Kg1 e1=Q+ 0-1


[Site "https://www.chess.com"]

[Event "Titled Tuesday Blitz March 21 Early 2023"]
[White "Averjanov, Alexey"]
[Black "Degenbaev, Aziz"]
[WhiteFideId "14109867"]
[BlackFideId "13802640"]
[WhiteElo "2807"]
[BlackElo "2152"]
[Result "1-0"]
[Round "03"]
[TimeControl "180+2"]
[Date "2023.03.21"]
[WhiteClock "0:00:20"]
[BlackClock "0:00:01"]

1. d4 Nf6 2. c4 g6 3. Nc3 Bg7 4. e4 d6 5. Be2 O-O 6. Nf3 e5 7. O-O Nc6 8. d5 Ne7 9. Ne1 Nd7 10. Be3 f5 11. f3 f4 12. Bf2 g5 13. a4 a5 14. Nd3 b6 15. b4 axb4 16. Nxb4 Nf6 17. Nc6 Nxc6 18. dxc6 Be6 19. Nd5 Rf7 20. a5 bxa5 21. Qa4 g4 22. Bh4 g3 23. Qb5 gxh2+ 24. Kh1 Qe8 25. Rxa5 Rxa5 26. Qxa5 Qxc6 27. Rb1 Bxd5 28. cxd5 Qc2 29. Qe1 Nh5 30. Ba6 Bf8 31. Bc8 Be7 32. Be6 Bxh4 33. Rb8+ Kg7 34. Qxh4 Ng3+ 35. Kxh2 h6 36. Bxf7 Qd1 37. Qg4+ Kxf7 38. Qg8+ 1-0


[Site "https://www.chess.com"]

[Event "Titled Tuesday Blitz March 21 Early 2023"]
[White "Hirneise, Jens"]
[Black "Kilic, Eray"]
[WhiteFideId "24614734"]
[BlackFideId "44517173"]
[WhiteElo "2345"]
[BlackElo "2328"]
[Result "0-1"]
[Round "03"]
[TimeControl "180+2"]
[Date "2023.03.21"]
[WhiteClock "0:00:38"]
[BlackClock "0:00:36"]

1. Nf3 Nf6 2. d4 g6 3. Nc3 d5 4. Bg5 Bg7 5. Bxf6 Bxf6 6. e4 dxe4 7. Nxe4 Bg7 8. c3 O-O 9. Be2 b6 10. O-O Bb7 11. Qc2 Nd7 12. Rfe1 c5 13. Rad1 cxd4 14. Nxd4 Qc8 15. Bf1 Nc5 16. Ng3 Rd8 17. Rxe7 Bf6 18. Ree1 h5 19. Be2 h4 20. Nf1 h3 21. Bf3 hxg2 22. Bxg2 Bxg2 23. Kxg2 Bxd4 24. cxd4 Qg4+ 25. Ng3 Ne6 26. Qe4 Nf4+ 27. Kg1 Re8 28. Qc6 Rec8 29. Qe4 Re8 30. Qc6 Kg7 31. Rxe8 Qxd1+ 32. Nf1 Rxe8 33. Qxe8 Qf3 34. Qe5+ Kh7 35. Ne3 Nh3+ 36. Kf1 Qxf2# 0-1


[Site "https://www.chess.com"]

[Event "Titled Tuesday Blitz March 21 Early 2023"]
[White "Janaszak, Dawid"]
[Black "Galchenko, Matvey"]
[WhiteFideId "1119206"]
[BlackFideId "24175480"]
[WhiteElo "2220"]
[BlackElo "2404"]
[Result "0-1"]
[Round "03"]
[TimeControl "180+2"]
[Date "2023.03.21"]
[WhiteClock "0:00:03"]
[BlackClock "0:00:07"]

1. e4 e6 2. b3 d5 3. Bb2 dxe4 4. Nc3 Nf6 5. Qe2 Be7 6. Nxe4 O-O 7. O-O-O a5 8. a4 c6 9. g4 b5 10. g5 Nxe4 11. Qxe4 Bxg5 12. Nf3 Bf6 13. Ne5 bxa4 14. Bd3 g6 15. h4 Qd5 16. Qf4 Nd7 17. Ng4 Bxb2+ 18. Kxb2 f5 19. Nh6+ Kg7 20. Rhe1 e5 21. Qg5 e4 22. Bc4 Qe5+ 23. d4 Qf6 24. f3 Nb6 25. Nxf5+ Bxf5 26. fxe4 Nxc4+ 27. bxc4 Rab8+ 28. Kc3 Bd7 29. Qxa5 Qf3+ 30. Rd3 Qf2 31. Red1 Rb7 32. R1d2 Qf1 33. Qxa4 Qb1 34. Qa3 Bg4 35. Rg2 Ra8 0-1


[Site "https://www.chess.com"]

[Event "Titled Tuesday Blitz March 21 Early 2023"]
[White "Smirnov, Pavel"]
[Black "Lehtosaari, Mauri"]
[WhiteFideId "4123425"]
[BlackFideId "501999"]
[WhiteElo "2519"]
[BlackElo "2521"]
[Result "1-0"]
[Round "03"]
[TimeControl "180+2"]
[Date "2023.03.21"]
[WhiteClock "0:00:51"]
[BlackClock "0:00:13"]

1. d4 d5 2. c4 c6 3. cxd5 cxd5 4. Bf4 Nf6 5. Nc3 Nc6 6. e3 a6 7. Be2 Bf5 8. Nf3 e6 9. Qb3 Ra7 10. Ne5 Nxe5 11. Bxe5 Nd7 12. O-O Be7 13. Bxg7 Rg8 14. Bh6 Bd6 15. Bf4 Bxf4 16. exf4 Qf6 17. Qd1 b5 18. Bf3 Rc7 19. Rc1 Rc4 20. Ne2 Nb6 21. b3 Rxc1 22. Qxc1 Qd8 23. Ng3 Bg6 24. f5 exf5 25. Re1+ Kf8 26. Qh6+ Rg7 27. h4 f6 28. h5 f4 29. hxg6 fxg3 30. gxh7 gxf2+ 31. Kxf2 1-0


[Site "https://www.chess.com"]

[Event "Titled Tuesday Blitz March 21 Early 2023"]
[White "koncheto"]
[Black "Ioannidis, Evgenios"]
[BlackFideId "4229274"]
[WhiteElo "2521"]
[BlackElo "2386"]
[Result "0-1"]
[Round "03"]
[TimeControl "180+2"]
[Date "2023.03.21"]
[WhiteClock "0:00:24"]
[BlackClock "0:00:18"]

1. e4 c5 2. Nf3 d6 3. d4 cxd4 4. Nxd4 Nf6 5. f3 e5 6. Nb3 d5 7. Bg5 d4 8. c3 Nc6 9. Bb5 Qb6 10. Bxc6+ bxc6 11. cxd4 Ba6 12. dxe5 h6 13. Qd4 hxg5 14. Qxb6 axb6 15. exf6 gxf6 16. Nc3 Bd6 17. Kf2 Bc4 18. Rad1 Ke7 19. Nd4 Bc5 20. b3 Rhd8 21. Ke3 b5 22. bxc4 Ra3 23. Rd3 Rxd4 24. Nd5+ Rxd5+ 0-1


[Site "https://www.chess.com"]

[Event "Titled Tuesday Blitz March 21 Early 2023"]
[White "Nazari, Arad"]
[Black "Kuzmin, Roman"]
[WhiteFideId "12577324"]
[BlackFideId "44134932"]
[WhiteElo "2313"]
[BlackElo "2146"]
[Result "0-1"]
[Round "03"]
[TimeControl "180+2"]
[Date "2023.03.21"]
[WhiteClock "0:00:18"]
[BlackClock "0:00:06"]

1. e4 c5 2. Nf3 d6 3. Bb5+ Bd7 4. Bxd7+ Qxd7 5. O-O Nf6 6. Re1 Nc6 7. c3 e6 8. d4 cxd4 9. cxd4 d5 10. e5 Ne4 11. a3 Be7 12. Qd3 O-O 13. Nbd2 Nxd2 14. Bxd2 b5 15. Re3 a5 16. Ne1 b4 17. Rh3 g6 18. Qe3 f5 19. Nf3 bxa3 20. bxa3 f4 21. Qd3 Rf5 22. Rc1 Nd8 23. Nh4 Bxh4 24. Rxh4 g5 25. Rh6 Nf7 26. Rh5 Rc8 27. Rxc8+ Qxc8 28. g4 fxg3 29. hxg3 Qc4 30. Qxc4 dxc4 31. Kg2 Nd8 32. g4 Rf7 33. Rxg5+ Kf8 34. Bxa5 Nc6 35. Bb6 c3 36. Bc5+ Ke8 37. Rh5 Rb7 38. Rh1 c2 39. Rc1 Rb2 40. Bb4 Nxd4 41. Bc3 Rb1 42. Bd2 Rxc1 43. Bxc1 Nb3 44. Be3 c1=Q 45. Bxc1 Nxc1 46. f4 Nd3 47. Kf3 Kd7 48. Ke3 Nb2 49. Kd4 Nd1 50. f5 Nf2 51. f6 Nxg4 52. a4 Nh6 53. a5 Kc7 54. Kc5 Nf7 55. a6 h5 56. a7 Kb7 57. a8=Q+ Kxa8 58. Kc6 h4 59. Kd7 h3 60. Kxe6 Nh8 61. f7 Nxf7 62. Kxf7 h2 63. e6 h1=Q 64. e7 Qf3+ 65. Kg8 Qg4+ 0-1


[Site "https://www.chess.com"]

[Event "Titled Tuesday Blitz March 21 Early 2023"]
[White "Reprintsev, Alexander"]
[Black "Gadimbayli, Abdulla"]
[WhiteFideId "14100541"]
[BlackFideId "13404938"]
[WhiteElo "2229"]
[BlackElo "2390"]
[Result "1/2-1/2"]
[Round "03"]
[TimeControl "180+2"]
[Date "2023.03.21"]
[WhiteClock "0:02:37"]
[BlackClock "0:01:26"]

1. e4 c5 2. b3 Nc6 3. Bb2 d6 4. f4 Nf6 5. Qf3 e5 6. Bb5 Bg4 7. Qe3 Bd7 8. Nc3 Nd4 9. Bxd7+ Qxd7 10. O-O-O Ke7 11. Nf3 1/2-1/2


[Site "https://www.chess.com"]